 Dungeon Crawl Stone Soup version 0.25.1-2-g60ff931df9 (webtiles) character file.

Game seed: 6395683097279516434

41982 H0rd4k the Black Belt (level 14, -20/93 HPs)
             Began as an Octopode Transmuter on Aug 3, 2020.
             Was an Initiate of Gozag.
             Killed from afar by a fire dragon (36 damage)
             ... with a blast of flame
             ... on level 6 of the Lair of Beasts.
             The game lasted 00:50:46 (24294 turns).

H0rd4k the Black Belt (Octopode Transmuter)        Turns: 24294, Time: 00:50:48

Health: -20/93     AC:  3    Str: 17    XL:     14   Next: 17%
Magic:  24/26      EV: 21    Int: 18    God:    Gozag
Gold:   1668       SH:  5    Dex: 13    Spells: 15/30 levels left

rFire    . . .     SeeInvis +     - Unarmed
rCold    . . .     Gourm    .   (shield currently unavailable)
rNeg     + + .     Faith    .   M - +2 hat
rPois    .         Spirit   .   g - amulet of reflection
rElec    .         Reflect  +   l - ring of stealth
rCorr    .         Harm     .   y - ring of positive energy
MR       ++...                  C - +4 ring of evasion
Stlth    +++++++...             p - ring of positive energy
HPRegen  0.25/turn              k - ring of see invisible
MPRegen  0.20/turn              X - +6 ring of strength
                                Z - ring of protection from magic
                                (no ring)

@: lethally poisoned (-20 -> -78), about to teleport, blade tentacles, gold
aura, berserk cooldown, slowed, very slow
A: almost no armour, stealthy swim, amphibious, 8 rings, constrict 8, camouflage
1, gelatinous body 1
a: End Transformation, Potion Petition, Call Merchant, Bribe Branch, Renounce
Religion


You were on level 6 of the Lair of Beasts.
You worshipped Gozag.
Gozag was most pleased with you.
You were not hungry.
You had blades for tentacles.
You visited 2 branches of the dungeon, and saw 16 of its levels.

You collected 4321 gold pieces.
You spent 1949 gold pieces at shops.
You paid 704 gold pieces to Gozag.

Inventory:

Missiles
 a - 308 arrows
 f - 29 poisoned darts (quivered)
Armour
 M - a +2 hat (worn)
Magical Staves
 j - an uncursed staff of earth
 E - an uncursed staff of conjuration
 R - an uncursed staff of wizardry
Jewellery
 g - an amulet of reflection (around mantle)
 k - a ring of see invisible (on tentacle)
 l - a ring of stealth (left scythe-like blade)
 p - a ring of positive energy (on tentacle)
 w - an uncursed amulet of magic regeneration
 y - a ring of positive energy (right scythe-like blade)
 C - a +4 ring of evasion (on tentacle)
 F - an uncursed amulet of faith
 J - a cursed amulet of inaccuracy {unknown}
 X - a +6 ring of strength (on tentacle)
 Z - a ring of protection from magic (on tentacle)
Wands
 z - a wand of digging (7)
 G - a wand of paralysis (1)
 H - a wand of flame (12)
 I - a wand of enslavement (4)
 L - a wand of polymorph (7)
 S - a wand of iceblast (1)
 T - a wand of disintegration (3)
 W - a wand of random effects (14)
Scrolls
 b - a scroll of teleportation
 i - 7 scrolls of amnesia
 o - 2 scrolls of blinking {unknown}
 q - 2 scrolls of fog
 r - 2 scrolls of noise {unknown}
 u - 3 scrolls of enchant weapon
 v - 2 scrolls of magic mapping
 x - 4 scrolls of remove curse
 D - 4 scrolls of enchant armour
 K - a scroll of summoning
Potions
 d - 3 potions of brilliance
 e - 7 potions of haste
 h - 2 potions of invisibility
 m - 3 potions of mutation
 n - a potion of curing
 s - a potion of experience {unknown}
 t - 4 potions of magic
 A - 5 potions of flight
 B - a potion of berserk rage
 N - a potion of resistance {unknown}
 O - a potion of ambrosia
 P - 2 potions of stabbing
 Q - 2 potions of cancellation
 Y - a potion of heal wounds
Comestibles
 c - 12 rations


   Skills:
 + Level 7.6 Fighting
 + Level 2.3 Throwing
 + Level 7.4 Dodging
 + Level 11.2 Stealth
 + Level 15.1 Unarmed Combat
 + Level 8.9 Spellcasting
 + Level 8.9 Transmutations
 + Level 2.8 Ice Magic
 + Level 1.5 Poison Magic
 + Level 1.9 Evocations


You had 15 spell levels left.
You knew the following spells:

 Your Spells              Type           Power        Failure   Level  Hunger
a - Beastly Appendage     Tmut           #####.       9%          1    None
b - Sticks to Snakes      Tmut           #####...     11%         2    None
c - Spider Form           Tmut/Pois      ####......   26%         3    None
d - Blade Hands           Tmut           #####.....   36%         5    #####..
e - Ice Form              Ice/Tmut       ####....     41%         4    ###....

Your spell library contained the following spells:

 Spells                   Type           Power        Failure   Level  Hunger
 Freeze                   Ice            ###.         24%         1    None
 Animate Skeleton         Necr           N/A          43%         1    None
 Pain                     Necr           #...         43%         1    None
 Vampiric Draining        Necr           #.........   69%         3    None
 Animate Dead             Necr           N/A          94%         4    ###....
 Agony                    Necr           #.......     99%         5    #####..


Dungeon Overview and Level Annotations

Branches:
Dungeon (10/15)            Temple (0/1) D:4            Lair (6/6) D:8
 Shoals (0/4) Lair:2        Snake (0/4) Lair:4        Slime (0/5) Lair:6
    Orc: D:9-12

Altars:
Cheibriados
Fedhas
Gozag
Okawaru
Qazlal
Ru
Sif Muna
Yredelemnul
The Shining One

Shops:
D:10 !(*[!   Lair:1 =

Annotations:
D:3 2 transporters, exclusion: upstairs
D:4 exclusion: 2 downstairs, Ijyb
D:5 exclusions: centaur, ice beast and water moccasin
D:6 exclusion: downstairs
D:7 2 runed translucent doors, exclusions: 2 downstairs, 3 killer bees and sky beast, Colgate's ghost, novice GnAE
D:10 2 runed translucent doors, jokujoka's ghost, journeyman GnSk
Lair:2 exclusions: 2 downstairs and hydra
Lair:3 Rupert
Lair:4 exclusions: 3 death yaks and hydra
Lair:5 exclusions: downstairs, hydra and 2 upstairs
Lair:6 exclusion: fire dragon


Innate Abilities, Weirdness & Mutations

You cannot wear most types of armour.
You are very stealthy in the water. (Stealth+)
You are amphibious.
You can wear up to eight rings at the same time.
You can use your tentacles to constrict eight enemies at once.
Your skin changes colour to match your surroundings (Stealth+).
Your rubbery body absorbs attacks. (AC +1, EV +1)


Message History

You feel a strong urge to attack something.
An acid dragon comes into view.
You are no longer berserk.
You are exhausted.
You feel yourself slow down.
You feel very sick.
The acid dragon roars!
Found a hunting sling.
* * * LOW HITPOINT WARNING * * *
You feel extremely sick. The acid dragon spits acid at you.
The splash of acid misses you.
As you read the scroll of teleportation, it crumbles to dust.
You feel strangely unstable.
* * * LOW HITPOINT WARNING * * *
You feel extremely sick. The fire dragon breathes flames at you.
The blast of flame hits you!!!
You die...
Your body crumbles into a pile of gold.

♣♣♣♣♣♣♣♣♣♣ ..♣♣♣.≈≈.≈...♣♣♣
♣♣.≈♣..≈≈≈≈≈≈≈...♣♣ ♣♣..≈D
.≈≈≈≈≈≈≈°○...♣ ♣♣...≈
≈≈≈≈≈≈≈≈○○☼P.♣ ♣♣.P≈≈
≈≈D≈D§.@°○°..♣### ##### ♣..≈.
≈≈..≈≈.♣.♣≈≈≈♣#.###.#.# ♣.≈≈♣
$ ..$♣.♣♣♣♣♣≈≈.♣#.......##
♣.≈$♣♣
$)=$♣♣♣♣.♣.≈≈P♣#........#
♣≈≈≈.♣♣ .
♣♣♣≈♣♣≈..♣♣#.......#. ♣♣♣≈≈.♣♣
♣♣P≈≈≈..≈♣♣ #.........
♣....≈♣♣ ♣♣.≈≈...♣♣♣
###.......
♣♣♣.P≈≈♣♣♣.≈≈....♣.♣
##........
♣♣.≈≈≈≈≈≈≈♣.♣♣♣..♣♣##.........


You could see a fire dragon (catching breath) and an acid dragon.

Vanquished Creatures
  A hydra (Lair:6)
  3 two-headed ogres
  A swamp dragon (Lair:6)
  3 oklob plants (Lair:6)
  8 elephants
  Joseph (D:8)
  10 black mambas
  3 merfolk sirens (Lair:2)
  A torpor snail (Lair:5)
  4 rime drakes
  13 spiny frogs
  11 komodo dragons
  A polar bear (Lair:5)
  A hornet (Lair:5)
  A merfolk (Lair:2)
  22 blink frogs
  9 hippogriffs
  4 wyverns
  2 basilisks
  52 yaks
  A steam dragon (Lair:6)
  A hungry ghost (D:7)
  An acid dragon (Lair:6)
  3 nagas (Lair:4)
  7 porcupines
  15 water moccasins
  An orc warrior (D:8)
  A black bear (D:7)
  A swamp drake (Lair:6)
  2 sky beasts
  2 phantoms
  6 wolves (Lair:6)
  2 ogres
  A centaur (D:8)
  12 crocodiles
  A big kobold (D:7)
  11 bullfrogs
  2 scorpions
  3 killer bees (D:7)
  4 wights (D:9)
  7 crimson imps
  A quasit (D:9)
  4 bullfrog zombies
  4 jellies
  3 bullfrog skeletons
  3 hounds
  An orc priest (D:4)
  5 orc wizards
  A gnoll shaman (D:7)
  4 iguanas
  8 worker ants
  2 hound skeletons
  9 gnolls
  15 adders
  A howler monkey skeleton (D:4)
  4 shadow imps
  2 oozes
  4 adder skeletons
  A worm (D:3)
  7 dart slugs
  7 leopard geckos
  22 orcs
  8 bats
  4 giant cockroaches
  3 goblins
  9 hobgoblins
  5 jackals
  14 kobolds
  9 quokkas
  2 ball pythons
  9 frilled lizards
  A jackal skeleton (D:5)
  A jackal zombie (D:5)
  2 quokka skeletons
  8 rats
418 creatures vanquished.

Vanquished Creatures (others)
  An iguana (Lair:6)
  An orc (D:8)
  36 fungi
  24 plants
62 creatures vanquished.

Grand Total: 480 creatures vanquished

Notes
Turn   | Place    | Note
-------+----------+-------------------------------------------
     0 | D:1      | H0rd4k the Octopode Transmuter began the quest for the Orb.
     0 | D:1      | Reached XP level 1. HP: 13/13 MP: 3/3
   180 | D:1      | Reached XP level 2. HP: 18/18 MP: 5/5
   836 | D:1      | Reached XP level 3. HP: 22/23 MP: 6/6
   903 | D:1      | Learned a level 2 spell: Sticks to Snakes
   910 | D:1      | Reached skill level 1 in Stealth
  1202 | D:1      | Learned a level 3 spell: Spider Form
  1691 | D:2      | You fall into a shaft and drop 2 floors!
  1702 | D:4      | Reached XP level 4. HP: 28/28 MP: 5/7
  1808 | D:4      | Reached skill level 4 in Unarmed Combat
  2055 | D:4      | Reached XP level 5. HP: 26/33 MP: 6/8
  2138 | D:4      | Noticed Ijyb
  2403 | D:3      | Reached XP level 6. HP: 19/38 MP: 8/10
  2825 | D:3      | Found a transporter.
  2853 | D:3      | Found a transporter.
  3273 | D:2      | Found a glowing golden altar of the Shining One.
  3569 | D:2      | Found an opulent altar of Gozag.
  3788 | D:2      | Became a worshipper of Gozag Ym Sagoz the Greedy
  4083 | D:4      | Found a staircase to the Ecumenical Temple.
  4199 | D:4      | Found a blossoming altar of Fedhas.
  4744 | D:5      | Entered Level 5 of the Dungeon
  4745 | D:5      | Noticed an ice beast
  4808 | D:4      | Reached skill level 5 in Unarmed Combat
  4808 | D:4      | Reached XP level 7. HP: 26/43 MP: 11/11
  5189 | D:5      | HP: 2/43 [phantom (9)]
  5868 | D:5      | Reached skill level 1 in Throwing
  6186 | D:6      | Reached XP level 8. HP: 47/49 MP: 13/13
  6304 | D:6      | Reached skill level 6 in Unarmed Combat
  6607 | D:6      | Found a shimmering blue altar of Sif Muna.
  6624 | D:6      | Identified Sif Muna's Incunabulum of Snow
  7243 | D:7      | Found an iron altar of Okawaru.
  7243 | D:7      | Found a snail-covered altar of Cheibriados.
  7272 | D:7      | Found a basalt altar of Yredelemnul.
  7305 | D:7      | Reached skill level 5 in Transmutations
  7878 | D:7      | Found a large runed translucent door.
  7878 | D:7      | Found a large runed translucent door.
  7878 | D:7      | Noticed Colgate's ghost (novice GnAE)
  8197 | D:7      | Reached skill level 5 in Stealth
  8197 | D:7      | Reached skill level 7 in Unarmed Combat
  8197 | D:7      | Reached XP level 9. HP: 54/54 MP: 14/16
  8637 | D:8      | Learned a level 5 spell: Blade Hands
  8659 | D:8      | Reached skill level 5 in Spellcasting
  8676 | D:8      | Noticed Joseph
  8950 | D:8      | Noticed a two-headed ogre
  9045 | D:8      | Killed Joseph
  9405 | D:8      | Reached skill level 8 in Unarmed Combat
 10021 | D:8      | Found a staircase to the Lair.
 10035 | D:8      | Reached skill level 5 in Dodging
 10311 | D:9      | Reached XP level 10. HP: 61/61 MP: 16/18
 10328 | D:9      | Found a stormy altar of Qazlal.
 10959 | D:9      | Reached skill level 9 in Unarmed Combat
 11248 | D:10     | Entered Level 10 of the Dungeon
 11248 | D:10     | Found Qossix's Assorted Antiques.
 11248 | D:10     | Found Nosh's Weapon Emporium.
 11281 | D:10     | Noticed a two-headed ogre
 11288 | D:10     | Found Anluiw's Armour Boutique.
 11304 | D:10     | Killed a two-headed ogre
 11308 | D:10     | Bought a scroll labeled MUOHIWKYXI for 26 gold pieces
 11308 | D:10     | Bought 3 scrolls labeled MUOHIWKYXI for 78 gold pieces
 11308 | D:10     | Bought a scroll of identify for 52 gold pieces
 11322 | D:10     | Bought a +2 hat for 240 gold pieces
 11322 | D:10     | Found Coas Zyro's Distillery.
 11328 | D:10     | Bought a potion of flight for 33 gold pieces
 11328 | D:10     | Bought a potion of degeneration for 11 gold pieces
 11400 | D:10     | Found Cicoveosh's Distillery.
 11403 | D:10     | Bought a potion of ambrosia for 104 gold pieces
 11403 | D:10     | Bought a potion of stabbing for 52 gold pieces
 11403 | D:10     | Bought a potion of cancellation for 104 gold pieces
 11408 | D:10     | Noticed a two-headed ogre
 11418 | D:10     | Killed a two-headed ogre
 11418 | D:10     | Reached skill level 10 in Unarmed Combat
 11643 | D:10     | Found a large runed translucent door.
 11643 | D:10     | Found a large runed translucent door.
 11645 | D:10     | Noticed jokujoka's ghost (journeyman GnSk)
 11809 | D:8      | Reached skill level 1 in Evocations
 12040 | D:8      | Killed a two-headed ogre
 12040 | D:8      | Reached skill level 1 in Poison Magic
 12040 | D:8      | Reached XP level 11. HP: 70/70 MP: 20/20
 12059 | Lair:1   | Entered Level 1 of the Lair of Beasts
 12612 | Lair:1   | Reached skill level 11 in Unarmed Combat
 12712 | Lair:1   | Reached skill level 5 in Fighting
 13679 | Lair:1   | Bought an uncursed ring of see invisible for 255 gold
                  | pieces
 14051 | Lair:2   | Found a staircase to the Shoals.
 14069 | Lair:2   | Reached XP level 12. HP: 46/77 MP: 16/22
 14071 | Lair:2   | Reached skill level 12 in Unarmed Combat
 14248 | Lair:2   | Noticed a seven-headed hydra
 16289 | Lair:3   | Noticed Rupert
 16820 | Lair:2   | Reached skill level 13 in Unarmed Combat
 17265 | Lair:3   | Found a sacrificial altar of Ru.
 17609 | Lair:1   | Bought a +6 ring of strength for 994 gold pieces
 17645 | Lair:2   | Learned a level 4 spell: Ice Form
 18187 | Lair:4   | Noticed an eight-headed hydra
 18187 | Lair:4   | Noticed a death yak
 18187 | Lair:4   | Noticed a death yak
 18206 | Lair:4   | Noticed a death yak
 18283 | Lair:4   | Reached skill level 10 in Stealth
 18329 | Lair:4   | Found a staircase to the Snake Pit.
 18668 | Lair:4   | Reached XP level 13. HP: 86/86 MP: 18/24
 18922 | Lair:5   | You fall into a shaft and drop 1 floor!
 18922 | Lair:6   | Entered Level 6 of the Lair of Beasts
 18951 | Lair:6   | Reached skill level 1 in Ice Magic
 20116 | Lair:5   | Reached skill level 14 in Unarmed Combat
 20722 | Lair:6   | Found a staircase to the Slime Pits.
 22747 | Lair:6   | Reached XP level 14. HP: 68/92 MP: 26/26
 23184 | Lair:6   | Reached skill level 15 in Unarmed Combat
 24294 | Lair:6   | Killed from afar by a fire dragon

Illustrated notes

Levels and vault maps discovered:
D:1:      dpeg_arrival_windows_large_door, layout_basic, minivault_11
D:2:      layout_loops_ring, nicolae_overflow_hidden_temple,
          kennysheep_big_empty_room, grunt_gozag_breadcrumbs
D:3:      gammafunk_steamed_eel, layout_rooms
D:4:      layout_loops_ring, minmay_temple_entry_mist, first_ration,
          fedhas_altar_2, uniq_ijyb
D:5:      layout_cave_pools, eat_drink_and_be_merry_uskayaw, minmay_pentangle,
          uniq_menkaure
D:6:      layout_cave_pools, led_sif_book
D:7:      layout_cave_pods, lemuel_crystal_altar,
          gammafunk_temple_overflow_elements, ebering_ghost_disaster_area
D:8:      layout_gridville, grunt_lair_entry_orc_guard_hut,
          kennysheep_cross_room, uniq_joseph
D:9:      layout_roguey, kennysheep_mini_moat
D:10:     layout_rooms, ebering_ghost_disaster_area, serial_shops,
          kennysheep_mini, shop, nicolae_shop_stone, shop_statue, shop
Lair:1:   layout_chaotic_city
Lair:2:   layout_regular_city, elwin_shoals_entry_stream
Lair:3:   layout_chaotic_city, basic_altar, grunt_megastairs_1, uniq_rupert
Lair:4:   layout_long_grid, minmay_snake_entry_guardpost_medium
Lair:5:   layout_regular_city, st_stairs_3, grunt_megastairs_5
Lair:6:   guppyfry_lair_end_dragon, layout_gridlike,
          minmay_slime_entry_oklob_open, serial_bayou_crossing

Skill      XL: |  1  2  3  4  5  6  7  8  9 10 11 12 13 14 |
---------------+-------------------------------------------+-----
Stealth        | 1 2 3 4 5 6 8 9 10 11 | 11.2
Unarmed Combat | 4 5 7 8 10 11 13 14 15 | 15.1
Transmutations | 3 4 5 6 7 8 |  8.9
Dodging        | 3 4 5 6 7 |  7.4
Spellcasting   | 3 4 5 6 7 8 |  8.9
Throwing       | 1 2 |  2.3
Fighting       | 2 4 5 7 |  7.6
Evocations     | 1 |  1.9
Poison Magic   | 1 |  1.5
Ice Magic      | 2 |  2.8

Action                   |  1- 3 |  4- 6 |  7- 9 | 10-12 | 13-15 || total
-------------------------+-------+-------+-------+-------+-------++-------
Melee: Unarmed           |    91 |   181 |   338 |   455 |   369 ||  1434
       Constrict         |    23 |    50 |    57 |    41 |    34 ||   205
       Tentacles         |    13 |    25 |    53 |    48 |    67 ||   206
       Punch             |     2 |     4 |    10 |    38 |    35 ||    89
       Kick              |     3 |    25 |    70 |    54 |    57 ||   209
Throw: Dart              |       |       |     2 |    16 |       ||    18
 Cast: Beastly Appendage |     2 |     9 |    38 |    34 |    23 ||   106
       Spider Form       |       |       |     4 |     9 |       ||    13
       Blade Hands       |       |       |     1 |    17 |    14 ||    32
       Ice Form          |       |       |       |       |     2 ||     2
Invok: Call Merchant     |       |       |       |     1 |       ||     1
Evoke: Wand              |       |       |     7 |    10 |     5 ||    22
  Use: Scroll            |       |     5 |     9 |     1 |    11 ||    26
       Potion            |       |       |     3 |     5 |     5 ||    13
 Stab: Sleeping          |     5 |    10 |    16 |    13 |     3 ||    47
       Distracted        |       |       |     1 |     2 |     3 ||     6
       Paralysed         |       |       |       |    13 |       ||    13
       Invisible         |       |       |       |     2 |     1 ||     3
  Eat: Chunk             |     2 |     8 |       |       |       ||    10
       Ration            |       |     1 |     5 |     9 |     7 ||    22
Armor: Skin              |     2 |    11 |    11 |     7 |     7 ||    38
Dodge: Dodged            |    56 |    88 |   215 |   286 |   211 ||   856
Block: Other             |       |    14 |    69 |    59 |    58 ||   200
       Reflection        |       |       |     4 |       |     2 ||     6
